 Dungeon Crawl Stone Soup version 0.21-a0-88-g13b9641 (webtiles) character file.

144 HAL9000 the Cudgeler (level 5, -5/53 HPs)
             Began as an Ogre Hunter on June 27, 2017.
             Slain by HAL9000's ghost (7 damage)
             ... on level 3 of the Dungeon.
             The game lasted 00:05:23 (3012 turns).

HAL9000 the Cudgeler (Ogre Hunter)                  Turns: 3012, Time: 00:05:25

Health: -5/53      AC:  3    Str: 17    XL:     5   Next: 26%
Magic:  5/5        EV: 10    Int: 12    God:
Gold:   130        SH:  0    Dex:  9    Spells: 4/4 levels left

rFire    . . .     SeeInvis .   a - +0 short sword
rCold    . . .     Gourm    .   (no shield)
rNeg     . . .     Faith    .   b - +0 robe
rPois    .         Spirit   .   (helmet restricted)
rElec    .         Reflect  .   (no cloak)
rCorr    .         Harm     .   (gloves unavailable)
MR       .....                  (boots unavailable)
Stlth    +.........             n - amulet of magic regeneration
HPRegen  0.17/turn              (no ring)
MPRegen  0.34/turn              (no ring)

@: no status effects
A: unfitting armour, tough skin 1
a: no special abilities


You were on level 3 of the Dungeon.
You were not hungry.

You visited 1 branch of the dungeon, and saw 3 of its levels.

You collected 130 gold pieces.

Inventory:

Hand Weapons
 a - a +0 short sword (weapon)
 g - a +0 club
Armour
 b - a +0 robe (worn)
Jewellery
 n - an amulet of magic regeneration (around neck)
Scrolls
 i - 2 scrolls of enchant weapon {unknown}
 k - 2 scrolls of teleportation {unknown}
 p - a scroll of blinking {unknown}
 q - a scroll of fog {unknown}
Comestibles
 f - 6 bread rations
 j - 4 meat rations
 l - a royal jelly


   Skills:
 - Level 3.1 Fighting
 + Level 4.1 Maces & Flails
 - Level 4.0 Throwing
 - Level 1.7 Dodging
 - Level 0.6 Stealth


You had 4 spell levels left.
You didn't know any spells.

Dungeon Overview and Level Annotations

Branches:
Dungeon (3/15)

Altars:
Qazlal

Annotations:
D:3 HAL9000's ghost, amateur OgHu; Terence


Innate Abilities, Weirdness & Mutations

You are too large for most types of armour.
You have tough skin. (AC +1)


Message History

HAL9000's ghost hits you.
* * * LOW HITPOINT WARNING * * *
Throwing (i - inventory):
d - a throwing net (quivered)
Press: ? - help, Shift-Dir - straight line, f/p - HAL9000's ghost
Aim: HAL9000's ghost (severely damaged, immune to nets)
You throw a throwing net.
The throwing net barely misses HAL9000's ghost.
Unknown command.
You hit HAL9000's ghost.
HAL9000's ghost is severely damaged.
HAL9000's ghost closely misses you. HAL9000's ghost hits you.
* * * LOW HITPOINT WARNING * * *
You hit HAL9000's ghost.
HAL9000's ghost is severely damaged.
HAL9000's ghost hits you.
* * * LOW HITPOINT WARNING * * *
You closely miss HAL9000's ghost.
HAL9000's ghost is severely damaged.
HAL9000's ghost hits you!
You die...

##.######### #.## #..# ..
#..# ####.### .########..
#.)....# ..##....##
#.##.#.# #.##.#..#§
#.##.#.# #.##....#.
#.#..#.# ######.........
#.#.##.#####.......#..<.#.
#....#.#.@W#.......#.#).#§
##.......###..#####.#....##
#........# #.....##.####..#
##.....#.# #..##..... ..#.
##...###...#.# ##.#####..
##.## ####.. ..# #.. ###
#... .# #.. #### .. ..


You could see HAL9000's ghost.

Vanquished Creatures
  2 orc wizards (D:2)
  2 adders (D:2)
  3 worms (D:2)
  3 dart slugs
  A leopard gecko (D:2)
  An orc (D:2)
  5 bats
  3 giant cockroaches
  5 goblins
  5 hobgoblins
  2 jackals
  9 kobolds
  2 ball pythons
  7 frilled lizards
  8 rats
58 creatures vanquished.

Notes
Turn   | Place    | Note
-------+----------+-------------------------------------------
     0 | D:1      | HAL9000 the Ogre Hunter began the quest for the Orb.
     0 | D:1      | Reached XP level 1. HP: 22/22 MP: 1/1
   139 | D:1      | Reached XP level 2. HP: 25/31 MP: 2/2
   153 | D:1      | Reached skill level 1 in Maces & Flails
   987 | D:1      | Reached XP level 3. HP: 16/37 MP: 3/3
  1747 | D:2      | HP: 1/37 [poisoned by an adder]
  2111 | D:2      | Reached XP level 4. HP: 35/45 MP: 4/4
  2187 | D:2      | Reached XP level 5. HP: 48/53 MP: 5/5
  2242 | D:2      | Found a faded altar of an unknown god.
  2557 | D:3      | Found a stormy altar of Qazlal.
  2559 | D:3      | Noticed Terence
  2566 | D:3      | Noticed HAL9000's ghost (amateur OgHu)
  3011 | D:3      | HP: 2/53 [HAL9000's ghost (2)]
  3012 | D:3      | Slain by HAL9000's ghost

Vault maps used:
D:1:      dpeg_arrival_simpleton_c, minivault_24, st_stairs_10,
          hangedman_decor_peaks_small, hangedman_decor_push
D:2:      chequers_ecumenical_altar_simple_redux
D:3:      nicolae_ru_great_annihilating_truth, grunt_qazlal_clouds, uniq_terence

Skill      XL: |  1  2  3  4  5 |
---------------+----------------+-----
Fighting       | 3 |  3.1
Maces & Flails | 2 3 4 |  4.1
Throwing       | |  4.0
Dodging        | |  1.7
Stealth        | |  0.6

Action                   |  1- 3 |  4- 6 || total
-------------------------+-------+-------++-------
Melee: Short sword       |   169 |    66 ||   235
Throw: Large rock        |       |    12 ||    12
       Throwing net      |       |     2 ||     2
 Stab: Sleeping          |     1 |       ||     1
  Eat: Chunk             |     3 |     2 ||     5
       Royal jelly       |       |     1 ||     1
Armor: Robe              |    43 |    22 ||    65
Dodge: Dodged            |   102 |    41 ||   143
